 Dungeon Crawl Stone Soup version 0.20.1 (webtiles) character file.

79 vishdafish the Shield-Bearer (level 4, -12/29 HPs)
             Began as a Gargoyle Fighter on July 2, 2017.
             Mangled by Crazy Yiuf
             ... wielding a +3 quarterstaff of chaos
              (20 damage)
             ... while paralysed by Crazy Yiuf
             ... on level 3 of the Dungeon.
             The game lasted 00:03:31 (1596 turns).

vishdafish the Shield-Bearer (Gargoyle Fighter)     Turns: 1596, Time: 00:03:32

Health: -12/29     AC: 12    Str: 20    XL:     4   Next: 38%
Magic:  4/4        EV:  2    Int:  9    God:
Gold:   106        SH:  0    Dex:  9    Spells: 3/3 levels left

rFire    . . .     SeeInvis .   a - +0 flail
rCold    . . .     Gourm    .   c - +0 shield
rNeg     + . .     Faith    .   b - +0 scale mail
rPois    ∞         Spirit   .   (no helmet)
rElec    +         Reflect  .   u - +0 cloak
rCorr    .         Harm     .   i - +0 pair of gloves
MR       .....                  (no boots)
Stlth    ..........             (no amulet)
Regen    0.1/turn               (no ring)
MPRegen  0.1/turn               (no ring)

@: paralysed, very slightly contaminated, invisible
A: negative energy resistance 1, electricity resistance, unbreathing,
petrification resistance, rot immunity, AC +3
a: no special abilities


You were on level 3 of the Dungeon.
You were hungry.

You visited 1 branch of the dungeon, and saw 3 of its levels.

You collected 106 gold pieces.

Inventory:

Hand Weapons
 a - a +0 flail (weapon)
Armour
 b - a +0 scale mail (worn)
 c - a +0 shield (worn)
 i - a +0 pair of gloves (worn)
 u - a +0 cloak (worn)
Wands
 r - a wand of random effects (30/48)
Scrolls
 g - 3 scrolls of identify {unknown}
 h - 2 scrolls of enchant armour {unknown}
 k - a scroll of immolation {unknown}
 l - 2 scrolls of remove curse {unknown}
 t - a scroll of magic mapping {unknown}
Potions
 d - 2 potions of might
 e - a potion of flight {unknown}
 m - a potion of curing {unknown}
 n - a potion of haste {unknown}
 o - 2 potions of ambrosia {unknown}
 p - a potion of magic {unknown}
 q - a potion of mutation {unknown}
Comestibles
 f - 3 bread rations
 j - a royal jelly
 s - a chunk of flesh


   Skills:
 + Level 3.7 Fighting
 + Level 3.0 Maces & Flails
 + Level 3.8 Armour
 + Level 0.4 Dodging
 + Level 3.8 Shields


You had 3 spell levels left.
You didn't know any spells.

Dungeon Overview and Level Annotations

Branches:
Dungeon (3/15)

Altars:
Okawaru

Annotations:
D:3 Crazy Yiuf


Innate Abilities, Weirdness & Mutations

You are resistant to torment.
Your stone body is resilient. (AC +3)
You are immune to poison.
You resist negative energy. (rN+)
You are resistant to electric shocks. (rElec)
You can survive without breathing.
You are immune to petrification.
You are immune to rotting.


Message History

Crazy Yiuf yells, "Ten!"
Found a mace.
There is an open door here.
You closely miss Crazy Yiuf.
You are feeling hungry.
Crazy Yiuf hits you but does no damage.
You suddenly lose the ability to move!
Crazy Yiuf hits you but does no damage. Space warps horribly around you!
Crazy Yiuf hits you but does no damage.
You fade into invisibility!
You are very lightly contaminated with residual magic.
Crazy Yiuf yells, "Paint!"
Crazy Yiuf hits you with a quarterstaff of chaos.
Crazy Yiuf freezes you. Crazy Yiuf hits you but does no damage.
Space bends around you. Crazy Yiuf hits you but does no damage.
Crazy Yiuf hits you with a quarterstaff of chaos.
* * * LOW HITPOINT WARNING * * *
Space warps horribly around you!
Ouch! That really hurt!
You die...

...
##..##
♣....♣
♣...♣♣
♣♣.♣♣
♣.♣♣
♣♣.♣
♣.♣♣
♣♣.♣
#@#
#.g.#
#...#
#..)#
#####


You could see Crazy Yiuf.

Vanquished Creatures
  4 adders (D:2)
  A dart slug (D:1)
  3 leopard geckos
  A ball python (D:2)
  6 giant cockroaches (D:2)
  2 goblins
  5 hobgoblins
  A quokka (D:2)
  4 bats
  A frilled lizard (D:1)
  6 kobolds
  5 rats
39 creatures vanquished.

Notes
Turn   | Place    | Note
-------+----------+-------------------------------------------
     0 | D:1      | vishdafish the Gargoyle Fighter began the quest for the Orb.
     0 | D:1      | Reached XP level 1. HP: 14/14 MP: 1/1
   124 | D:1      | Reached XP level 2. HP: 15/19 MP: 2/2
   595 | D:2      | Reached XP level 3. HP: 10/23 MP: 3/3
   969 | D:2      | Reached XP level 4. HP: 26/29 MP: 4/4
  1018 | D:2      | Found a faded altar of an unknown god.
  1177 | D:2      | Found an iron altar of Okawaru.
  1584 | D:3      | Found a runed door.
  1588 | D:3      | Noticed Crazy Yiuf
  1590 | D:3      | Paralysed by Crazy Yiuf for 7 turns
  1596 | D:3      | Mangled by Crazy Yiuf

Skill      XL: |  1  2  3  4 |
---------------+-------------+-----
Maces & Flails | 3 |  3.0
Fighting       | |  3.7
Armour         | |  3.8
Dodging        | |  0.4
Shields        | |  3.8

Action                   |  1- 3 |  4- 6 || total
-------------------------+-------+-------++-------
Melee: Flail             |   105 |    51 ||   156
  Eat: Chunk             |       |     2 ||     2
Armor: Scale mail        |    64 |    47 ||   111
Dodge: Dodged            |    42 |    11 ||    53
Block: Shield            |    55 |    30 ||    85
